 Dungeon Crawl Stone Soup version 0.27-a0-1101-ge311f74bc8 (webtiles) character file.

Game seed: 17764741655223221258

82 karrick the Magician (level 4, -3/31 HPs)
             Began as a Djinni Fire Elementalist on Apr 28, 2021.
             Slain by Terence
             ... wielding a +0 flail
              (7 damage)
             ... on level 2 of the Dungeon.
             The game lasted 00:04:40 (2381 turns).

karrick the Magician (Djinni Fire Elementalist)     Turns: 2381, Time: 00:04:41

Health: -3/31      AC:  5    Str:  8    XL:     4   Next: 43%
Gold:   92         EV: 12    Int: 17    God:
                   SH:  0    Dex: 13

rFire    + + .     SeeInvis .   e - +0 dagger
rCold    . . .     Faith    .   (no shield)
rNeg     . . .     Spirit   .   l - +2 robe {rC+}
rPois    ∞         Reflect  .   b - +0 helmet
rElec    .         Harm     .   (no cloak)
rCorr    .         Rampage  .   (no gloves)
Will     +....                  (boots unavailable)
Stlth    ++........             (no amulet)
HPRegen  0.10/turn              m - ring of willpower
MPRegen  0.00/turn              (no ring)

@: flying
A: fire resistance 2, cold vulnerability 1, float, innate caster, hp casting,
extra vitality 1
a: no special abilities


You were on level 2 of the Dungeon.
You visited 1 branch of the dungeon, and saw 2 of its levels.

You collected 92 gold pieces.

Inventory:

Hand Weapons
 e - a +0 dagger (weapon)
Armour
 b - a +0 helmet (worn)
 k - a +1 robe of positive energy
 l - a +2 robe of cold resistance (worn)
Jewellery
 d - a ring of poison resistance
 m - a ring of willpower (left hand)
Scrolls
 c - 3 scrolls of identify {unknown}
 i - a scroll of fog {unknown}
Potions
 a - a potion of lignification {unknown}
 f - a potion of might {unknown}
 g - a potion of degeneration {unknown}
 h - a potion of curing {unknown}
 j - 3 potions of attraction {unknown}


   Skills:
 + Level 2.6 Dodging
 + Level 2.0 Stealth
 + Level 4.0 Spellcasting


You couldn't memorise any spells.
You knew the following spells:

 Your Spells              Type           Power      Damage    Failure   Level
a - Foxfire               Conj/Fire      68%        2x1d7     3%          1
b - Conjure Flame         Conj/Fire      17%        6-21      9%          3
c - Inner Flame           Hex/Fire       17%        N/A       9%          3
d - Sticky Flame          Conj/Fire      17%        2d4       28%         4
e - Fireball              Conj/Fire      8%         3d6       63%         5
f - Sting                 Tmut/Pois      68%        1d6       3%          1
Your spell library was empty.

Dungeon Overview and Level Annotations

Branches:
Dungeon (2/15)

Altars:
Gozag
Ru

Shops:
D:2 !

Annotations:
D:2 Terence


Innate Abilities, Weirdness & Mutations

You are immune to poison.
Your flesh is very heat resistant. (rF++)
You are vulnerable to cold. (rC-)
You float through the air rather than walking.
You learn spells naturally, not from books.
Your magical power is your life essence.
You have superior vitality. (+4 HP)


Message History

Confirm with . or Enter, or press ? or * to list all spells.
Aiming: Sting (safe; 3% risk of failure)
Press: ? - help, Shift-Dir - straight line, f - Terence
Aim: Terence, wielding a +0 flail and wearing a +0 scale mail (lightly wounded, 77% to hit)
The sting misses Terence.
Terence closely misses you.
Casting: Sting (safe; 3% risk of failure)
Confirm with . or Enter, or press ? or * to list all spells.
Aiming: Sting (safe; 3% risk of failure)
Press: ? - help, Shift-Dir - straight line, f/p - Terence
Aim: Terence, wielding a +0 flail and wearing a +0 scale mail (lightly wounded, 77% to hit)
The sting hits Terence but does no damage.
Terence is poisoned.
Terence is lightly wounded.
Terence hits you with a +0 flail!
* * * LOW HITPOINT WARNING * * *
Unknown command.
Terence looks more healthy.
Casting: Sting (safe; 3% risk of failure)
Confirm with . or Enter, or press ? or * to list all spells.
Aiming: Sting (safe; 3% risk of failure)
Press: ? - help, Shift-Dir - straight line, f/p - Terence
Aim: Terence, wielding a +0 flail and wearing a +0 scale mail (severely wounded, 77% to hit)
The sting hits Terence.
Terence is poisoned.
Terence is severely wounded.
* * * LOW HITPOINT WARNING * * *
Terence hits you with a +0 flail.
* * * LOW HITPOINT WARNING * * *
Terence looks scornfully at you.
Terence looks more healthy.
Terence asks, "Do you want it fast or slow?"
Terence shouts, "ATTACK!!!"
Terence closely misses you. Terence barely misses you.
Terence says, "Don't bother to defend, it's useless."
Casting: Foxfire (safe; 3% risk of failure)
Press: ? - help, Q - select action, (/) - cycle Dir - look around, f - activate You conjure some foxfire!
* * * LOW HITPOINT WARNING * * *
Terence hits you with a +0 flail!
You die...

#.# #.# #.# #.# #.# #.# #.#
#.# ##### #.# #.# #...#####
##.## #.# #.......##
##...####.## #...###...
.######.........v########.##
####
...........####@@......##.#
####.).........v..>....##.#
#.#.....#####.##....##.#
#.##...## #.##.#.###.#
#.###..## #.##.#.# #.#
#.###.#.#####.##)#<###.#######
#.##.###............>.........
#.#.## ##.###.####.####.####..
#..## ##....# #.# #.# ###


You could see Terence (ally target).

Vanquished Creatures
  Jessica (D:2)
  A dart slug (D:2)
  3 orcs (D:2)
  A bat (D:1)
  3 endoplasms
  A giant cockroach (D:2)
  4 goblins
  6 hobgoblins
  6 jackals
  5 kobolds
  A quokka (D:1)
  5 ball pythons
  7 rats
44 creatures vanquished.

Vanquished Creatures (others)
  155 foxfires
155 creatures vanquished.

Grand Total: 199 creatures vanquished

Notes
Turn   | Place    | Note
-------+----------+-------------------------------------------
     0 | D:1      | karrick the Djinni Fire Elementalist began the quest for
                  | the Orb.
     0 | D:1      | Reached XP level 1. HP: 15/15 MP: 0/0
    19 | D:1      | Found a sacrificial altar of Ru.
   354 | D:1      | Reached skill level 3 in Spellcasting
   354 | D:1      | Reached XP level 2. HP: 17/21 MP: 0/0
  1119 | D:2      | Reached XP level 3. HP: 22/25 MP: 0/0
  1119 | D:2      | Learned a level 1 spell: Sting
  1235 | D:2      | Found an opulent altar of Gozag.
  1522 | D:2      | Found Doidgh's Distillery.
  1828 | D:2      | Noticed Jessica
  1843 | D:2      | Killed Jessica
  1844 | D:2      | Reached XP level 4. HP: 23/31 MP: 0/0
  1973 | D:2      | Reached skill level 4 in Spellcasting
  2192 | D:2      | Found a faded altar of an unknown god.
  2214 | D:2      | Noticed Terence
  2381 | D:2      | Slain by Terence

Illustrated notes

Levels and vault maps discovered:
D:1:      dpeg_arrival_water_altar, layout_loops_cross
D:2:      layout_loops_ring, serial_shops, shop, basic_ecumenical_altar,
          basic_altar, uniq_jessica, uniq_terence

Skill      XL: |  1  2  3  4 |
---------------+-------------+-----
Spellcasting   | 3 4 |  4.0
Stealth        | 2 |  2.0
Dodging        | |  2.6

Action                   |  1- 3 |  4- 6 || total
-------------------------+-------+-------++-------
Melee: Unarmed           |     1 |       ||     1
       Dagger            |     1 |       ||     1
 Cast: Foxfire           |    72 |    28 ||   100
       Sting             |       |     3 ||     3
Armor: Robe              |     2 |     1 ||     3
Dodge: Dodged            |    11 |     7 ||    18

Table legend: (Time is in decaauts)
 A = Elapsed time spent in this place.
 B = Non-inter-level travel time spent in this place.
 C = Inter-level travel time spent in this place.
 D = Time resting spent in this place.
 E = Time spent auto-exploring this place.
 F = Levels seen in this place.
 G = Mean time per level.
                   A        B        C        D        E       F      G
               +--------+--------+--------+--------+--------+-----+--------+
         Total |   2379 |   2345 |     34 |      0 |   1884 |   2 | 1189.5 |
       Dungeon |   2379 |   2345 |     34 |      0 |   1884 |   2 | 1189.5 |
               +--------+--------+--------+--------+--------+-----+--------+

Top non-repeatable levels by time:
     D:2: 1302 daAuts
     D:1: 1077 daAuts
